 Dungeon Crawl Stone Soup version 0.21.1-1-g345015f (webtiles) character file.

89 Threepwind the Cudgeler (level 4, 0/28 HPs)
             Began as a Gargoyle Fighter on June 16, 2018.
             Was an Initiate of Trog.
             Slain by an orc wizard
             ... wielding a +0 dagger
              (2 damage)
             ... on level 3 of the Dungeon.
             The game lasted 00:09:52 (1210 turns).

Threepwind the Cudgeler (Gargoyle Fighter)          Turns: 1210, Time: 00:09:54

Health: 0/28       AC: 13    Str: 19    XL:     4   Next: 55%
Magic:  4/4        EV:  7    Int:  9    God:    Trog [......]
Gold:   76         SH:  9    Dex: 10    Spells: 3/3 levels left

rFire    . . .     SeeInvis .   a - +0 flail
rCold    . . .     Gourm    .   c - +0 shield
rNeg     + . .     Faith    .   b - +0 scale mail
rPois    ∞         Spirit   .   l - +0 helmet
rElec    +         Reflect  .   (no cloak)
rCorr    .         Harm     .   h - +0 pair of gloves
MR       .....                  r - +0 pair of boots
Stlth    ..........             (no amulet)
HPRegen  0.09/turn              (no ring)
MPRegen  0.09/turn              (no ring)

@: slowed, very slow
A: negative energy resistance 1, electricity resistance, unbreathing,
petrification resistance, rot immunity, AC +3
a: Burn Spellbooks, Renounce Religion


You were on level 3 of the Dungeon.
You worshipped Trog.
Trog was noncommittal.
You were not hungry.

You visited 1 branch of the dungeon, and saw 3 of its levels.

You collected 76 gold pieces.

Inventory:

Hand Weapons
 a - a +0 flail (weapon)
Armour
 b - a +0 scale mail (worn)
 c - a +0 shield (worn)
 h - a +0 pair of gloves (worn)
 l - a +0 helmet (worn)
 r - a +0 pair of boots (worn)
Scrolls
 e - a scroll of random uselessness {unknown}
 i - 3 scrolls of remove curse {unknown}
 j - 2 scrolls of identify {unknown}
 m - a scroll of enchant weapon {unknown}
 n - a scroll of teleportation {unknown}
 o - a scroll of blinking {unknown}
 p - a scroll of fear {unknown}
 q - a scroll of enchant armour {unknown}
Potions
 d - 2 potions of might
 k - a potion of mutation {unknown}
Comestibles
 f - 2 rations
 g - 8 chunks of flesh


   Skills:
 - Level 3.2 Fighting
 * Level 4.6 Maces & Flails
 - Level 3.2 Armour
 - Level 3.2 Shields


You had 3 spell levels left.
You didn't know any spells.

Dungeon Overview and Level Annotations

Branches:
Dungeon (3/15)

Altars:
Hepliaklqana
Ru
Trog
Wu Jian


Innate Abilities, Weirdness & Mutations

You are resistant to torment.
Your stone body is resilient. (AC +3)
You are immune to poison.
You resist negative energy. (rN+)
You are resistant to electric shocks. (rElec)
You can survive without breathing.
You are immune to petrification.
You are immune to rotting.


Message History

The orc hits you but does no damage. You block the adder's attack.
The orc wizard gestures wildly while chanting.
The orc wizard seems to speed up.
You block the orc's attack. You block the adder's attack.
You block the orc wizard's attack.
You miss the adder.
The adder is severely wounded.
The orc wizard hits you but does no damage.
The adder barely misses you. The orc hits you with a hand axe.
* * * LOW HITPOINT WARNING * * *
You block the orc wizard's attack. The adder closely misses you.
You block the orc's attack.
The orc wizard points at you and mumbles some strange words.
You feel as though you will be slow longer.
Some of the chunks of flesh in your inventory have rotted away.
You closely miss the adder.
The adder is severely wounded.
The adder closely misses you.
The orc wizard hits you but does no damage.
The adder bites you but does no damage. The orc wizard hits you with a dagger.
You die...

..._.....#####.###
.....[.#..........
.......#....##.###
#.....##..#.# ..#
###.####..#.####.###
..........#.........
.####.....##..##.###
. .# #########.##.#
... # #..†@##.....
#.#oSo......
#.##).......
#.####...... #..
...### ... ...# ...
..# .. ... ..#


You could see an orc wizard, an adder and an orc.

Vanquished Creatures
  An orc wizard (D:3)
  An adder (D:2)
  An ooze (D:2)
  A leopard gecko (D:3)
  An orc (D:3)
  2 giant cockroaches
  6 goblins
  5 hobgoblins
  A quokka (D:2)
  10 bats
  7 frilled lizards
  7 kobolds
  7 rats
50 creatures vanquished.

Notes
Turn   | Place    | Note
-------+----------+-------------------------------------------
     0 | D:1      | Threepwind the Gargoyle Fighter began the quest for the Orb.
     0 | D:1      | Reached XP level 1. HP: 14/14 MP: 1/1
   114 | D:1      | Reached XP level 2. HP: 14/19 MP: 2/2
   379 | D:1      | Reached skill level 3 in Maces & Flails
   624 | D:2      | Reached XP level 3. HP: 19/23 MP: 3/3
   927 | D:2      | Found a sacrificial altar of Ru.
   937 | D:2      | Reached skill level 4 in Maces & Flails
   944 | D:2      | Found a bloodstained altar of Trog.
   946 | D:2      | Found a hazy altar of Hepliaklqana.
  1006 | D:2      | Became a worshipper of Trog the Wrathful
  1131 | D:3      | Reached XP level 4. HP: 28/28 MP: 4/4
  1139 | D:3      | Found an ornate altar of the Wu Jian Council.
  1210 | D:3      | Slain by an orc wizard

Skill      XL: |  1  2  3 |
---------------+----------+-----
Maces & Flails | 3 4 |  4.6
Fighting       | |  3.2
Armour         | |  3.2
Shields        | |  3.2

Action                   |  1- 3 |  4- 6 || total
-------------------------+-------+-------++-------
Melee: Flail             |   144 |    31 ||   175
  Eat: Chunk             |     1 |       ||     1
Armor: Scale mail        |    94 |    48 ||   142
Dodge: Dodged            |    48 |    24 ||    72
Block: Shield            |    94 |    34 ||   128
